[Event "*** SCC Grand Prix: Titled Tuesday Blitz"]
[Site "Chess.com"]
[Date "2020.08.11"]
[Round "1"]
[White "kakakz"]
[Black "catzapto"]
[Result "0-1"]
[WhiteElo "2454"]
[BlackElo "1971"]
[TimeControl "180+1"]
[EndTime "10:06:59 PDT"]
[Termination "catzapto won on time"]

1. d4 Nf6 2. c4 e6 3. Nf3 d5 4. Nc3 c6 5. g3 dxc4 6. Bg2 b5 7. Ne5 Nd5 8. O-O Bd6 9. Ne4 O-O 10. a4 Bb7 11. Nxd6 Qxd6 12. b3 c3 13. e4 Ne7 14. Nd3 b4 15. Nxb4 Qxb4 16. Ba3 c2 17.
Qxc2 Qxd4 18. Bxe7 Re8 19. Rfd1 Qb6 20. Bc5 Qc7 21. Bd6 Qb6 22. e5 Na6 23. a5 Qd8 24. b4 Qc8 25. b5 cxb5 26. Qxc8 Raxc8 27. Bxb7 Nb8 28. Bxc8 Rxc8 0-1

[Event "*** SCC Grand Prix: Titled Tuesday Blitz"]
[Site "Chess.com"]
[Date "2020.08.11"]
[Round "1"]
[White "coalescenet"]
[Black "Rubinstein_Akiba"]
[Result "1-0"]
[WhiteElo "1934"]
[BlackElo "2449"]
[TimeControl "180+1"]
[EndTime "10:06:59 PDT"]
[Termination "coalescenet won by checkmate"]

1. d4 Nf6 2. c4 e6 3. Nf3 d5 4. Nc3 Bb4 5. e3 O-O 6. Qc2 c5 7. dxc5 Qa5 8. Bd2 Nc6 9. cxd5 exd5 10. Be2 Qxc5 11. O-O Ne4 12. Rac1 Bf5 13. Nxe4 Qxc2 14. Rxc2 Bxe4 15. Rxc6 Bxf3 16. Bxb4 Bxe2 17. Bxf8 Bxf1 18. Rc7 Bc4 19. b3 Kxf8 20. bxc4 dxc4 21. Rxb7 Rc8 22.
Kf1 c3 23. Rb1 Ke7 24. Ke2 Ke6 25. Kd3 Ke5 26. Rc1 Rd8+ 27. Kxc3 Rc8+ 28. Kd2 Rd8+ 29.
Ke2 Rb8 30. Rc2 Ke4 31. g4 h5 32. gxh5 Rh8 33. Rc5 Rxh5 34. f3# 1-0

[Event "*** SCC Grand Prix: Titled Tuesday Blitz"]
[Site "Chess.com"]
[Date "2020.08.11"]
[Round "1"]
[White "TigrVShlyape"]
[Black "Fischerev7"]
[Result "1-0"]
[WhiteElo "2864"]
[BlackElo "2418"]
[TimeControl "180+1"]
[EndTime "10:07:00 PDT"]
[Termination "TigrVShlyape won by checkmate"]

1. d4 Nf6 2. Nf3 e6 3. Bf4 c5 4. e3 Nc6 5. Nbd2 cxd4 6. exd4 d5 7. c3 Bd6 8. Bg3 O-O 9. Bd3 b6 10. Qe2 Bb7 11. O-O Bxg3 12. hxg3 Rc8 13. Rae1 Re8 14. Ne5 Nxe5 15. dxe5 Nd7 16. Nf3 Qc7 17. Nd4 a6 18. Qh5 g6 19. Qg5 b5 20. Re3 b4 21. Bb1 bxc3 22.
bxc3 Nc5 23. g4 Ne4 24. Bxe4 dxe4 25. Rh3 f5 26. exf6 Qf7 27. Qe5 Rcd8 28. g5 Rd5 29. Qg3 Rc8 30. Rb1 e5 31. Nc2 Rd3 32. Qxe5 Rxh3 33.
gxh3 Re8 34. Qd4 Qe6 35. Rxb7 Qxh3 36. f7+ Kf8 37. Qh8# 1-0

[Event "*** SCC Grand Prix: Titled Tuesday Blitz"]
[Site "Chess.com"]
[Date "2020.08.11"]
[Round "1"]
[White "googlegoom"]
[Black "IMTominho"]
[Result "0-1"]
[WhiteElo "2387"]
[BlackElo "2758"]
[TimeControl "180+1"]
[EndTime "10:07:00 PDT"]
[Termination "IMTominho won by resignation"]

1. Nf3 d5 2. b3 Bf5 3. Bb2 e6 4.
e3 Nf6 5. Be2 c6 6. d4 h6 7.
Nbd2 Nbd7 8. c4 Bd6 9. a3 a5 10.
Bc3 O-O 11. b4 axb4 12. axb4 Ne4 13. Nxe4 Bxe4 14. O-O dxc4 15. Bxc4 Nb6 16. Be2 Nd5 17. Qb3 Nxc3 18. Qxc3 Qb6 19. Nd2 Bg6 20. Nc4 Qxb4 21. Qxb4 Bxb4 22. Nb6 Rxa1 23. Rxa1 Re8 24. Ra4 c5 25. Bf3 Bc2 26. Ra2 Bd3 27. Bxb7 Rb8 28.
dxc5 Rxb7 29. c6 Rc7 30. Rb2 Rxc6 0-1

[Event "*** SCC Grand Prix: Titled Tuesday Blitz"]
[Site "Chess.com"]
[Date "2020.08.11"]
[Round "1"]
[White "sodastream007"]
[Black "Chernobay_Artem"]
[Result "1-0"]
[WhiteElo "2195"]
[BlackElo "2524"]
[TimeControl "180+1"]
[EndTime "10:07:00 PDT"]
[Termination "sodastream007 won on time"]

1. d4 g6 2. c4 Bg7 3. Nc3 c5 4.
d5 Bxc3+ 5. bxc3 f5 6. e4 fxe4 7. f3 d6 8. fxe4 Nf6 9. Bd3 e5 10. Ne2 Qe7 11. O-O h6 12. h3 Qg7 13. Rf3 O-O 14. Be3 Nbd7 15. Qd2 Kh7 16. Raf1 b6 17. Kh1 Ba6 18. g4 Rf7 19. Ng3 Raf8 20. Qg2 Ng8 21. h4 Rxf3 22. Rxf3 Qe7 23. g5 h5 24. Rxf8 Nxf8 25.
Qf3 Bc8 26. Nf5 Qf7 27. Kg2 Qd7 28. Ng3 Qh3+ 29. Kg1 Kg7 30. Bf2 Qg4 31. Qxg4 Bxg4 32. Nf1 Nd7 33. Ne3 Bf3 34. Be1 Nb8 35. Kf2 Bh1 36. Nf1 1-0

[Event "*** SCC Grand Prix: Titled Tuesday Blitz"]
[Site "Chess.com"]
[Date "2020.08.11"]
[Round "1"]
[White "pirulillo"]
[Black "TargetA"]
[Result "0-1"]
[WhiteElo "2242"]
[BlackElo "2596"]
[TimeControl "180+1"]
[EndTime "10:07:01 PDT"]
[Termination "TargetA won by checkmate"]

1. e4 c5 2. Nf3 d6 3. d4 cxd4 4. Nxd4 Nf6 5. Nc3 a6 6. Be2 e5 7. Nb3 Be7 8. Be3 O-O 9. g4 Nbd7 10. g5 Ne8 11. Qd2 Nc7 12. h4 b5 13. O-O-O Bb7 14.
Nd5 Nxd5 15. exd5 Nb6 16. Bxb6 Qxb6 17. Na5 Bxd5 18. Qxd5 Qxa5 19. g6 hxg6 20. h5 gxh5 21. Rxh5 g6 22. Qh1 Bf6 23. Bd3 e4 24. Bxe4 Qxa2 25.
Bxa8 Qxb2+ 26. Kd2 Re8 27. Bd5 Qb4+ 28. Kc1 Qa3+ 29. Kd2 Qb4+ 30. Kc1 Bb2+ 31. Kb1 Bc3+ 32. Ka2 Qb2# 0-1

[Event "*** SCC Grand Prix: Titled Tuesday Blitz"]
[Site "Chess.com"]
[Date "2020.08.11"]
[Round "1"]
[White "Ind1anStar"]
[Black "Ze-Pequeno"]
[Result "1-0"]
[WhiteElo "2513"]
[BlackElo "2143"]
[TimeControl "180+1"]
[EndTime "10:07:01 PDT"]
[Termination "Ind1anStar won by resignation"]

1. d4 Nf6 2. c4 g6 3. Nc3 d5 4. cxd5 Nxd5 5. Bd2 Bg7 6. e4 Nb6 7. Nf3 O-O 8. Be3 Bg4 9. Be2 Nc6 10. e5 Nb4 11. h3 Bf5 12. Rc1 N6d5 13. O-O Nxc3 14. Rxc3 Nd5 15. Rb3 b6 16. Bc1 Rc8 17. Ba6 Rb8 18.
Qe2 c6 19. a4 Qc7 20. Rd1 Rbd8 21. Bc4 Rfe8 22. g4 Bc8 23. Rbd3 f6 24. Bxd5+ cxd5 25. Rc3 Qd7 26. Bf4 Qxa4 27. e6 a6 28. Bc7 a5 29.
Bxd8 Rxd8 30. Rdc1 Bb7 31. Rc7 Rb8 1-0

[Event "*** SCC Grand Prix: Titled Tuesday Blitz"]
[Site "Chess.com"]
[Date "2020.08.11"]
[Round "1"]
[White "BJthechessgod"]
[Black "Arman_Hakemi"]
[Result "0-1"]
[WhiteElo "2255"]
[BlackElo "2606"]
[TimeControl "180+1"]
[EndTime "10:07:02 PDT"]
[Termination "Arman_Hakemi won by checkmate"]

1. e4 c6 2. d4 d5 3. Nc3 dxe4 4. Nxe4 Bf5 5. Ng3 Bg6 6. h4 h6 7. h5 Bh7 8. Nf3 Nd7 9. Bd3 Bxd3 10. Qxd3 e6 11.
Bf4 Qa5+ 12. Bd2 Bb4 13. c3 Be7 14. c4 Qc7 15. O-O-O Ngf6 16. Ne4 Nxe4 17. Qxe4 Nf6 18. Qe2 O-O-O 19. Bc3 Kb8 20. Ne5 Rhf8 21. g4 Ka8 22. f3 c5 23. dxc5 Bxc5 24. Rxd8+ Rxd8 25. Rd1 Rxd1+ 26. Qxd1 a6 27. b4 Bxb4 28. Bxb4 Qxe5 29.
Qd8+ Ka7 30. Kb1 Qe3 31. Qd6 Qg1+ 32. Kb2 Qf2+ 33. Kb1 Qf1+ 34. Kb2 Qf2+ 35. Kb1 Qb6 36. Qxb6+ Kxb6 37. Bf8 g6 38. hxg6 fxg6 39. Bxh6 Kc5 40.
Bg7 Nd7 41. Kc2 Kxc4 42. f4 b5 43. a3 a5 44. Bc3 b4 45. axb4 axb4 46. Bg7 b3+ 47.
Kb2 Nc5 48. Bh8 Nd3+ 49. Kb1 Nxf4 50. g5 Nh3 51. Bf6 Nf2 52. Kb2 Nd3+ 53. Kb1 e5 54.
Bxe5 Nxe5 55. Kb2 Kb4 56. Kb1 Kc3 57. Kc1 b2+ 58. Kb1 Nf7 59. Ka2 Kc2 60. Ka3 b1=Q 61. Ka4 Qb6 62. Ka3 Qa5# 0-1

[Event "*** SCC Grand Prix: Titled Tuesday Blitz"]
[Site "Chess.com"]
[Date "2020.08.11"]
[Round "1"]
[White "hellokostya"]
[Black "Msb2"]
[Result "0-1"]
[WhiteElo "2397"]
[BlackElo "2788"]
[TimeControl "180+1"]
[EndTime "10:07:03 PDT"]
[Termination "Msb2 won on time"]

1. d4 d5 2. c4 c6 3. Nf3 Nf6 4. e3 Bf5 5. Nc3 e6 6. Nh4 Be4 7. f3 Bg6 8. Qb3 Qc7 9. Bd2 Be7 10. g3 O-O 11. Be2 dxc4 12. Bxc4 Nbd7 13. O-O e5 14. Nxg6 hxg6 15. Qc2 exd4 16. exd4 Nb6 17. Bb3 Qd7 18.
Be3 Nfd5 19. Bf2 Rae8 20. a3 Bd6 21. Ne4 Re7 22. Rae1 Rfe8 23. Kg2 Bb8 24. Qd3 Qf5 25. Qd2 a5 26. Bc2 Nc4 27. Qc1 Qc8 28. b3 Nd6 29. Qd2 Qd8 30. Re2 Nf5 31. Rfe1 b6 32. b4 axb4 33.
axb4 Qd7 34. Bb3 Nh4+ 35. gxh4 Nf4+ 36. Kh1 Qh3 37. Bg3 Nxe2 38. Rxe2 Bxg3 39. Nxg3 Rxe2 40. Nxe2 Qxf3+ 41. Kg1 Rxe2 0-1

[Event "*** SCC Grand Prix: Titled Tuesday Blitz"]
[Site "Chess.com"]
[Date "2020.08.11"]
[Round "1"]
[White "Chessbard1972"]
[Black "timator"]
[Result "0-1"]
[WhiteElo "2342"]
[BlackElo "2695"]
[TimeControl "180+1"]
[EndTime "10:07:03 PDT"]
[Termination "timator won by checkmate"]

1. e4 c5 2. d4 cxd4 3. c3 Nf6 4. e5 Nd5 5. Bc4 e6 6. Bxd5 exd5 7. Qxd4 Qa5 8. b4 Qb5 9. a4 Qc6 10. Nf3 b6 11. O-O Bb7 12. Bf4 Be7 13. Nbd2 O-O 14. Nb3 Qg6 15. Rfe1 Nc6 16. Qd2 d4 17. b5 Na5 18. Nbxd4 Rac8 19. Bg3 h5 20. h4 Nc4 21. Qf4 Nb2 22. Re3 Nc4 23. Nf5 Rfe8 24. Rd3 Bf8 25. Re1 Bxf3 26. Rxf3 Rc5 27. Rd3 Nxe5 28. Rde3 d6 29.
Nd4 Rec8 30. Nf5 Rc4 31. Re4 Rxc3 32. Qd2 Qxf5 33. Rf4 Qg6 34. Qd5 Rxg3 35. fxg3 Qxg3 36. Ref1 Qg6 37. Qb7 Rc2 38. R4f2 Rxf2 39. Rxf2 d5 40. Re2 Bc5+ 41. Kf1 Qf5+ 42. Ke1 Nd3+ 43. Kd2 Nf4 44. Qb8+ Kh7 45. Re5 Qd3+ 46. Kc1 Ba3# 0-1

[Event "*** SCC Grand Prix: Titled Tuesday Blitz"]
[Site "Chess.com"]
[Date "2020.08.11"]
[Round "1"]
[White "dosto07"]
[Black "Alexander_Donchenko"]
[Result "0-1"]
[WhiteElo "2303"]
[BlackElo "2648"]
[TimeControl "180+1"]
[EndTime "10:07:03 PDT"]
[Termination "Alexander_Donchenko won on time"]

1. e4 Nf6 2. e5 Nd5 3. d4 d6 4. Nf3 Bg4 5. Be2 e6 6. O-O Be7 7. c4 Nb6 8. Nc3 O-O 9. h3 Bh5 10. exd6 cxd6 11. b3 d5 12. c5 N6d7 13. Be3 Nc6 14.
b4 Nxb4 15. Rb1 Nc6 16. Rxb7 Rb8 17. Rxb8 Qxb8 18. Qa4 Qc7 19. Rb1 Rb8 20. Rxb8+ Ndxb8 21. g3 Bf6 22. Kg2 Qa5 23. Qxa5 Nxa5 24. g4 Bg6 25.
g5 Bd8 26. Ne5 Nac6 27. Nxc6 Nxc6 28. Bb5 Ne7 29. Bf4 Ba5 30. Na4 f6 31. gxf6 gxf6 32. c6 Be8 33. Nc5 Bxc6 34. Bxc6 Nxc6 35. Nxe6 Kf7 36.
Nc7 Bxc7 37. Bxc7 Nxd4 38. Bb8 a6 39. Kg3 Ke6 0-1

[Event "*** SCC Grand Prix: Titled Tuesday Blitz"]
[Site "Chess.com"]
[Date "2020.08.11"]
[Round "1"]
[White "volcanoexplorer"]
[Black "EndGameDestroyer"]
[Result "1-0"]
[WhiteElo "2596"]
[BlackElo "2241"]
[TimeControl "180+1"]
[EndTime "10:07:03 PDT"]
[Termination "volcanoexplorer won on time"]

1. e4 Nc6 2. Nf3 d6 3. d4 Nf6 4. c3 e5 5. Bd3 Bg4 6. Be3 d5 7. Nbd2 exd4 8. cxd4 dxe4 9. Nxe4 Bb4+ 10. Nc3 O-O 11.
O-O Nd5 12. Ne4 Re8 13. h3 Bh5 14. Bg5 Qd7 15. Nc5 Qc8 16. g4 Bg6 17. Bxg6 hxg6 18.
a3 Bxc5 19. dxc5 Ne5 20. Qxd5 Nxf3+ 21. Qxf3 c6 22. Rfe1 Qd7 23. Bf4 Re6 24. Rxe6 Qxe6 25. Qe3 Qd5 26. Bd6 Rd8 27. Re1 b6 28. b4 bxc5 29.
bxc5 Qa2 30. Qe7 Rc8 31. Qd7 Ra8 32. Qxc6 Rd8 33. Qf3 1-0

[Event "*** SCC Grand Prix: Titled Tuesday Blitz"]
[Site "Chess.com"]
[Date "2020.08.11"]
[Round "1"]
[White "Roza_Idrisova"]
[Black "nocnypako"]
[Result "0-1"]
[WhiteElo "2231"]
[BlackElo "2589"]
[TimeControl "180+1"]
[EndTime "10:07:03 PDT"]
[Termination "nocnypako won on time"]

1. d4 Nf6 2. Nf3 g6 3. c4 Bg7 4.
Nc3 d5 5. cxd5 Nxd5 6. e4 Nxc3 7. bxc3 c5 8. Bb5+ Nc6 9. O-O cxd4 10. cxd4 O-O 11.
Be3 Bg4 12. Bxc6 bxc6 13. Rc1 Qa5 14. Rxc6 Qxa2 15. h3 Bxf3 16. Qxf3 a5 17. Rfc1 a4 18. R6c2 Qb3 19. Rc3 Qb2 20. R3c2 Qb8 21. Ra2 a3 22. Rca1 Qb4 23. e5 Ra6 24. Qd1 Rfa8 25. Qd3 f6 26.
exf6 Bxf6 27. Rb1 Qd6 28. Rb3 Kg7 29. d5 Ra5 30. Rb5 Rxb5 31. Qxb5 Bb2 32. Qc4 Qe5 33. g3 Rd8 34. Bc5 Rc8 35. Qb4 Qxd5 36. Rxb2 Qxc5 37.
Qxc5 Rxc5 38. Ra2 Ra5 39. Kf1 Kf6 40. Ke1 Ke5 41. Kd1 Kd4 42. Kc1 Kc3 43. Kb1 Kb3 44. Ka1 Re5 45. Re2 Rxe2 0-1

[Event "*** SCC Grand Prix: Titled Tuesday Blitz"]
[Site "Chess.com"]
[Date "2020.08.11"]
[Round "1"]
[White "SergeyKarjakin"]
[Black "M1711"]
[Result "1-0"]
[WhiteElo "2986"]
[BlackElo "2445"]
[TimeControl "180+1"]
[EndTime "10:07:04 PDT"]
[Termination "SergeyKarjakin won on time"]

1. d4 Nf6 2. c4 g6 3. Nc3 d5 4. e3 Bg7 5. Qa4+ c6 6. cxd5 Nxd5 7.
Nf3 O-O 8. Be2 c5 9. O-O Nc6 10. dxc5 Bxc3 11. bxc3 Nxc3 12. Qc2 Nxe2+ 13. Qxe2 Qa5 14.
Bb2 Qxc5 15. Rfc1 Qa5 16. h3 Rd8 17. e4 Be6 18. Qe3 Qb5 19. Rab1 Qh5 20. Rc5 f5 21. exf5 Bxf5 22. Qc3 Kf7 23. Re1 Qh6 24. g4 Bc8 25.
Ng5+ Ke8 26. Rxc6 bxc6 27. Qh8+ Kd7 28. Rd1+ 1-0

[Event "*** SCC Grand Prix: Titled Tuesday Blitz"]
[Site "Chess.com"]
[Date "2020.08.11"]
[Round "1"]
[White "gagtemp"]
[Black "MartinMatthiesen"]
[Result "1-0"]
[WhiteElo "1966"]
[BlackElo "2453"]
[TimeControl "180+1"]
[EndTime "10:07:06 PDT"]
[Termination "gagtemp won on time"]

1. e4 c5 2. Nf3 d6 3. d4 cxd4 4. Nxd4 Nf6 5. Nc3 a6 6. Be3 e5 7.
Nb3 Be6 8. f3 h5 9. Qd2 Nbd7 10.
Be2 Be7 11. Nd5 Nxd5 12. exd5 Bf5 13. O-O O-O 14. Na5 Qc8 15. c4 Bd8 16. Rac1 Bg6 17. Bd3 f5 18. b4 Bxa5 19. bxa5 Nc5 20. Bb1 Qc7 21. Kh1 Rab8 22. Bxc5 Qxc5 23. Qg5 Rf6 24. g4 Rbf8 25. gxh5 Bh7 26. Rg1 R8f7 27. h6 Rg6 28.
Qd8+ Rf8 29. Qe7 Qe3 30. Rxg6 Qxc1+ 31. Kg2 Qd2+ 32. Kh3 1-0

[Event "*** SCC Grand Prix: Titled Tuesday Blitz"]
[Site "Chess.com"]
[Date "2020.08.11"]
[Round "1"]
[White "Kaliopa"]
[Black "AleksanderHnydiuk"]
[Result "0-1"]
[WhiteElo "2198"]
[BlackElo "2558"]
[TimeControl "180+1"]
[EndTime "10:07:07 PDT"]
[Termination "AleksanderHnydiuk won by resignation"]

1. d4 d5 2. c4 c6 3. Nc3 Nf6 4. e3 a6 5. Nf3 b5 6. c5 g6 7.
Bd3 Bg7 8. O-O O-O 9. Bd2 Bg4 10. b4 a5 11. a3 Nbd7 12. h3 Bxf3 13. Qxf3 e5 14.
dxe5 Nxe5 15. Qe2 Re8 16. f4 Nxd3 17. Qxd3 Ne4 18. Nxe4 dxe4 19. Qc2 Bxa1 20. Rxa1 axb4 21. Bxb4 Qd3 22. Qxd3 exd3 23. Kf2 Re4 24. Rd1 Rd8 25. Kf3 Rc4 26. e4 Rdd4 27. g3 h5 28. h4 Rc2 29. Ke3 Rd7 30. Rxd3 Rxd3+ 31. Kxd3 Rg2 32. Be1 f6 33. e5 fxe5 34. fxe5 Kf7 35. Ke3 Ke6 36.
Kf4 Re2 37. Bc3 Rc2 38. Bb4 Rc4+ 39. Ke3 Kxe5 40. Kf3 Kf5 41. Ke3 Kg4 42. Kf2 Rc2+ 0-1

[Event "*** SCC Grand Prix: Titled Tuesday Blitz"]
[Site "Chess.com"]
[Date "2020.08.11"]
[Round "1"]
[White "Andreikka"]
[Black "sergivila"]
[Result "0-1"]
[WhiteElo "2829"]
[BlackElo "2429"]
[TimeControl "180+1"]
[EndTime "10:07:08 PDT"]
[Termination "sergivila won by resignation"]

1. c4 e6 2. Nc3 d5 3. d4 Bb4 4. a3 Bxc3+ 5. bxc3 Nf6 6. e3 c6 7.
Bd3 O-O 8. Ne2 b6 9. cxd5 cxd5 10. O-O Ba6 11. f3 Qc8 12. Bb2 Bxd3 13. Qxd3 Nc6 14.
e4 Na5 15. e5 Nd7 16. Ng3 Qc4 17. Qe3 Rac8 18. Nh5 f6 19. exf6 Nxf6 20. Qxe6+ Kh8 21. Nxf6 Rxf6 22. Qe7 Qb5 23. Bc1 Re8 24. Qb4 Qd3 25. Bg5 Rfe6 26. Rad1 Qf5 27. Bc1 Nc4 28. Qa4 Re2 29.
Qc6 Qc2 30. Kh1 h6 31. Bf4 Kh7 32. Qxd5 Qxd1 33. Qf5+ Kh8 34. Kg1 Re1 0-1

[Event "*** SCC Grand Prix: Titled Tuesday Blitz"]
[Site "Chess.com"]
[Date "2020.08.11"]
[Round "1"]
[White "Ariadna_Atreides"]
[Black "zmeeed67"]
[Result "0-1"]
[WhiteElo "2032"]
[BlackElo "2490"]
[TimeControl "180+1"]
[EndTime "10:07:09 PDT"]
[Termination "zmeeed67 won on time"]

1. d4 d5 2. Nf3 Nf6 3. e3 c5 4.
Bd3 Nc6 5. O-O Bg4 6. dxc5 e6 7. a3 Bxc5 8. b4 Bd6 9. Bb2 a6 10. h3 h5 11. Nbd2 Rc8 12. c4 Bb8 13. Be2 Qd6 14.
c5 Qc7 15. Qa4 Kf8 16. b5 axb5 17.
Bxb5 Bxf3 18. Nxf3 Rh6 19. Bxc6 Qxc6 20. Qxc6 Rxc6 21.
Rfc1 Ne4 22. Be5 Ba7 23. Rab1 Nxc5 24. Rxb7 Nxb7 25. Rxc6 f6 26. Rc8+ Nd8 27. Rc7 fxe5 28. Rxa7 e4 29. Ne5 Ke8 30. a4 Rf6 31. a5 Rf5 32. Ng6 Rf7 33. Ra8 Rc7 34. a6 Rc1+ 35. Kh2 Kd7 36. a7 Ra1 37. Ne5+ Kc7 0-1

[Event "*** SCC Grand Prix: Titled Tuesday Blitz"]
[Site "Chess.com"]
[Date "2020.08.11"]
[Round "1"]
[White "canary2016"]
[Black "Lenyas66"]
[Result "0-1"]
[WhiteElo "1851"]
[BlackElo "2460"]
[TimeControl "180+1"]
[EndTime "10:07:09 PDT"]
[Termination "Lenyas66 won by checkmate"]

1. d4 Nf6 2. c4 c5 3. d5 b5 4.
cxb5 a6 5. e3 axb5 6. Bxb5 Qa5+ 7. Nc3 Ne4 8. Qb3 Na6 9. a4 Nc7 10. Bd2 Nxd2 11. Kxd2 Nxb5 12. Qxb5 Qc7 13. Nf3 Rb8 14. Qc4 Rxb2+ 15. Ke1 Qa5 16. Nd2 Ba6 17. Nb5 Bxb5 18. Qc1 Rxd2 19. Qxd2 Qxd2+ 20. Kxd2 Ba6 21. Rhb1 Kd8 22. Rb6 Bc8 23. a5 Kc7 24. Rb2 g6 25. Raa2 Bg7 26. Rc2 d6 27. a6 Kb6 28. Rc1 Ka7 29. Rb1 Rd8 30. Rb5 Rd7 31. Rba5 Rc7 32. Kc2 Bf5+ 33. Kc1 Bd3 34. R5a3 Bc4 35. Rc2 Bxd5 36. f3 c4 37. e4 Be6 38. Ra4 c3 39. Ra3 Bc4 40. f4 Bd3 41. Rf2 Bxe4 42. g3 d5 43. Re2 f5 44. Ra5 d4 45. g4 d3 46. Rf2 d2+ 47. Kd1 c2+ 48. Kxd2 c1=Q+ 49.
Ke2 Rc2# 0-1

[Event "*** SCC Grand Prix: Titled Tuesday Blitz"]
[Site "Chess.com"]
[Date "2020.08.11"]
[Round "1"]
[White "redbaron8888"]
[Black "abhidabhi"]
[Result "1/2-1/2"]
[WhiteElo "2407"]
[BlackElo "2786"]
[TimeControl "180+1"]
[EndTime "10:07:10 PDT"]
[Termination "Game drawn by repetition"]

1. d4 Nf6 2. c4 g6 3. Nc3 c5 4.
d5 e5 5. dxe6 fxe6 6. e4 Nc6 7.
Nf3 Bg7 8. Qd6 Qe7 9. Qxe7+ Kxe7 10. Bf4 d6 11. O-O-O Nd4 12. e5 dxe5 13. Nxe5 Nd7 14. Bg5+ Ke8 15. Nd3 b6 16. Ne4 Ne5 17. Nxe5 Bxe5 18.
f4 Bg7 19. Bd3 Rf8 20. g3 Kd7 21. Rhe1 Bb7 22. Nc3 Rae8 23. Be4 Kc8 24. Bxb7+ Kxb7 25. Re4 h6 26. Bh4 Kc6 27. a4 Nf5 28. Nb5 a6 29.
Nc3 Bxc3 30. bxc3 Nxh4 31. gxh4 Rf6 32. Rde1 Kd6 33. Kd2 Ref8 34. Ke3 Rf5 35. Rd1+ Ke7 36. Rb1 Rb8 37. a5 b5 38. cxb5 axb5 39. a6 c4 40. Re5 Kd6 41. a7 Ra8 42. Rbxb5 Rxa7 43. Rb6+ Kd7 44.
Rbxe6 Ra3 45. Re7+ Kd6 46. R7e6+ Kd7 47. Re7+ Kd6 48.
R7e6+ Kd7 1/2-1/2

[Event "*** SCC Grand Prix: Titled Tuesday Blitz"]
[Site "Chess.com"]
[Date "2020.08.11"]
[Round "1"]
[White "SRDR8290"]
[Black "kuban1991"]
[Result "1/2-1/2"]
[WhiteElo "2385"]
[BlackElo "2741"]
[TimeControl "180+1"]
[EndTime "10:07:11 PDT"]
[Termination "Game drawn - insufficient material"]

1. d4 g6 2. c4 Bg7 3. Nc3 c5 4. e3 Nf6 5. Nf3 O-O 6. Be2 cxd4 7. Nxd4 d5 8. O-O Nc6 9. Nxc6 bxc6 10. Bd2 Rb8 11.
b3 Ba6 12. Rc1 dxc4 13. Bxc4 Bxc4 14. bxc4 Qd3 15. Qc2 Rfd8 16. Rfd1 Qxc4 17. Na4 Qxc2 18. Rxc2 Ne4 19. f3 Nxd2 20. Rcxd2 Rxd2 21. Rxd2 Be5 22. Rd7 Rb1+ 23. Kf2 Ra1 24. Rd2 h5 25. f4 Bd6 26. Rc2 Kg7 27. Nc3 a5 28. Ne4 Bb4 29. Kf3 c5 30. Nxc5 Bxc5 31. Rxc5 Rxa2 32. Rc7 Kf6 33. Ra7 a4 34. g3 a3 35. e4 Ra1 36.
e5+ Ke6 37. Ra6+ Kd5 38. Ra7 a2 39. Kg2 Ke4 40. h4 Kf5 41. Kh2 Kg4 42. Kg2 e6 43.
Ra4 Rb1 44. Rxa2 Rb3 45. Ra7 Rxg3+ 46. Kh2 Rf3 47. Rxf7 Rxf4 48. Rf6 Rf5 49. Rxg6+ Kxh4 50. Rxe6 Kg5 51. Re8 Kg6 52. Kh3 Kf7 53. Ra8 Rxe5 54. Kh4 Re8 55. Rxe8 Kxe8 56. Kxh5 1/2-1/2

[Event "*** SCC Grand Prix: Titled Tuesday Blitz"]
[Site "Chess.com"]
[Date "2020.08.11"]
[Round "1"]
[White "Barmen_EV"]
[Black "Gabrielian_Artur"]
[Result "0-1"]
[WhiteElo "2397"]
[BlackElo "2793"]
[TimeControl "180+1"]
[EndTime "10:07:12 PDT"]
[Termination "Gabrielian_Artur won on time"]

1. d4 Nf6 2. c4 c5 3. d5 e6 4. Nc3 exd5 5. cxd5 d6 6. e4 g6 7. f4 Bg7 8. Bb5+ Nfd7 9. Be2 O-O 10. Nf3 Re8 11. O-O Na6 12. Kh1 Nc7 13. f5 Ne5 14. Bg5 f6 15. Nxe5 fxg5 16. Ng4 Rf8 17. fxg6 Rxf1+ 18. Qxf1 hxg6 19. Rd1 Bxg4 20. Bxg4 Qe7 21. Qd3 Rf8 22.
e5 Qxe5 23. Qxg6 Rf6 24. Qd3 Rf4 25. Qh3 Ne8 26. Be6+ Kf8 27. g3 Rf2 28. Qh7 Qe3 29. Qh5 Ke7 30. Qg4 Nf6 31. Qh3 Qf3+ 32. Kg1 g4 0-1

[Event "*** SCC Grand Prix: Titled Tuesday Blitz"]
[Site "Chess.com"]
[Date "2020.08.11"]
[Round "1"]
[White "Iskusnyh"]
[Black "BabyBoss31"]
[Result "1-0"]
[WhiteElo "2571"]
[BlackElo "2209"]
[TimeControl "180+1"]
[EndTime "10:07:12 PDT"]
[Termination "Iskusnyh won by resignation"]

1. d4 d5 2. c4 Nc6 3. Nc3 e5 4. cxd5 Nxd4 5. e3 Nf5 6. Nf3 Bd6 7. Bb5+ Bd7 8. Qa4 Nf6 9. e4 Ne7 10. Bg5 Ng6 11. Bxf6 gxf6 12. g3 a6 13. Bxd7+ Qxd7 14. Qxd7+ Kxd7 15. Ke2 h5 16. h4 Ne7 17. Rhe1 f5 18. Ng5 f6 19. Ne6 fxe4 20. Nxe4 b6 21. Nxf6+ Kc8 22. Rac1 Kb7 23. Red1 Rh6 24. Ne4 Nxd5 25.
Nxc7 Bxc7 26. Rxd5 Rc6 27. Rxc6 Kxc6 28. Rd3 b5 29.
Rc3+ Kb6 30. Rf3 b4 31. Rf6+ Kb5 32. Rf5 Rc8 33. Rxh5 Bb8 34. Kd3 Rd8+ 35. Kc2 Rc8+ 36. Kb3 a5 37. a4+ bxa3 38. Nc3+ Rxc3+ 39. bxc3 Bd6 40. f4 a4+ 41. Ka2 Kc4 42. fxe5 Bc5 43. e6 Kxc3 44. Rd5 Kc4 45. Rd7 1-0

[Event "*** SCC Grand Prix: Titled Tuesday Blitz"]
[Site "Chess.com"]
[Date "2020.08.11"]
[Round "1"]
[White "DrVelja"]
[Black "yobdc"]
[Result "1-0"]
[WhiteElo "2765"]
[BlackElo "2387"]
[TimeControl "180+1"]
[EndTime "10:07:13 PDT"]
[Termination "DrVelja won by resignation"]

1. e4 d6 2. d4 Nf6 3. Nc3 Nbd7 4. Nf3 e5 5. g4 h6 6. g5 hxg5 7. Nxg5 exd4 8. Qxd4 Ne5 9. Be2 Be7 10. f4 c5 11.
Qa4+ Bd7 12. Qb3 c4 13. Bxc4 Nxc4 14. Qxc4 O-O 15. Qd3 Ng4 16. h4 Rc8 17. Qe2 Rxc3 18.
bxc3 Qb6 19. Bd2 Bf6 20. f5 Ne5 21. Qh5 Rc8 22. Rd1 Ba4 23. Qh7+ Kf8 24. Qh8+ Ke7 25. Qxc8 Bxg5 26. Bxg5+ f6 27. Qe6+ Kf8 28. Qxd6+ Qxd6 29.
Rxd6 fxg5 30. hxg5 Bxc2 31. Kf2 Bxe4 32. Re1 Ng4+ 33. Kg3 Bxf5 34. Rf1 g6 35. Rxg6 Ne3 36. Rf6+ Ke7 37. R6xf5 1-0

[Event "*** SCC Grand Prix: Titled Tuesday Blitz"]
[Site "Chess.com"]
[Date "2020.08.11"]
[Round "1"]
[White "penguingm1"]
[Black "maximnovik"]
[Result "1-0"]
[WhiteElo "3001"]
[BlackElo "2448"]
[TimeControl "180+1"]
[EndTime "10:07:14 PDT"]
[Termination "penguingm1 won by resignation"]

1. d4 Nf6 2. c4 g6 3. f3 c5 4. d5 e6 5. e4 exd5 6. cxd5 d6 7.
Nc3 Bg7 8. Nge2 h5 9. Bg5 a6 10.
a4 Qc7 11. Qd2 O-O 12. Ng3 Nh7 13. Bh6 h4 14. Bxg7 Kxg7 15. Bc4 Qe7 16. Nge2 Nd7 17. f4 Nhf6 18. e5 dxe5 19. d6 Qd8 20. O-O e4 21. Nd1 Nb6 22. Ne3 Nxc4 23. Nxc4 Be6 24. Ne3 Qd7 25.
f5 Bb3 26. Rf2 Rad8 27. Qc3 Qxd6 28. Qxb3 Qd3 29. Qc3 b5 30. axb5 axb5 31. fxg6 fxg6 32. Qxc5 Rf7 33. Qg5 Rd5 34. Nxd5 Qxd5 35. Qxd5 Nxd5 36.
Rxf7+ Kxf7 37. Ra6 Ke7 38. Rxg6 1-0

[Event "*** SCC Grand Prix: Titled Tuesday Blitz"]
[Site "Chess.com"]
[Date "2020.08.11"]
[Round "1"]
[White "pavelalexandru07"]
[Black "Artyom_ChessMate"]
[Result "0-1"]
[WhiteElo "2196"]
[BlackElo "2556"]
[TimeControl "180+1"]
[EndTime "10:07:14 PDT"]
[Termination "Artyom_ChessMate won by resignation"]

1. e4 e5 2. Nf3 Nc6 3. Bb5 a6 4.
Ba4 Nf6 5. O-O b5 6. Bb3 Be7 7. Re1 O-O 8. c3 d6 9. h3 Bb7 10. d4 Re8 11. Nbd2 Bf8 12. a4 h6 13. Bc2 exd4 14. cxd4 Nb4 15. Bb1 c5 16. d5 Nd7 17. b3 Qf6 18. Ra3 g6 19. Nf1 Bg7 20. Ne3 Qd8 21. h4 h5 22. Nc2 Nxc2 23. Bxc2 c4 24.
bxc4 bxc4 25. Bg5 Qc7 26. Qd2 Rac8 27. Bh6 Bh8 28. Ng5 c3 29. Qe2 Ne5 30. Nf3 Ng4 31. Bf4 Qc5 32. Rb3 Bxd5 33. Rbb1 Bc4 34. Bd3 Bxd3 35.
Qxd3 Nxf2 36. Qe3 Qxe3 37. Bxe3 Nxe4 38. Bd4 Nd2 39. Nxd2 Bxd4+ 40. Kf1 cxd2 41. Rxe8+ Rxe8 42. Rd1 Bc3 43. Kf2 Re1 0-1